 Dungeon Crawl Stone Soup version 0.30.1-9-gdf580d7c3d (webtiles) character file.

Game seed: 10097756556243686763

8 rogsnak the Magician (level 2, -1/19 HPs)
             Began as a Demonspawn Hedge Wizard on Oct 10, 2023.
             Frozen to death by an endoplasm (2 damage)
             ... on level 1 of the Dungeon.
             The game lasted 00:01:14 (548 turns).

rogsnak the Magician (Demonspawn Hedge Wizard)       Turns: 548, Time: 00:01:15

Health: -1/19      AC:  2    Str: 10    XL:     2   Next: 0%
Magic:  6/6        EV: 12    Int: 15    God:
Gold:   22         SH:  0    Dex: 12    Spells: 6/7 levels left

rFire   . . .        e - +0 spear
rCold   . . .        (no shield)
rNeg    . . .        b - +0 robe
rPois   .            c - +0 hat
rElec   .            (no cloak)
rCorr   .            (no gloves)
SInv    .            (no boots)
Will    .....        (no amulet)
Stlth   ++           (no ring)
HPRegen 0.23/turn    (no ring)
MPRegen 0.10/turn

%: no passive effects
@: no status effects
A: claws 1
a: no special abilities


You were on level 1 of the Dungeon.
You visited 1 branch of the dungeon, and saw 1 of its levels.

You collected 22 gold pieces.

Inventory:

Hand Weapons
 a - a +0 dagger
 e - a +0 spear (weapon)
Missiles
 f - 3 stones
Armour
 b - a +0 robe (worn)
 c - a +0 hat (worn)
Scrolls
 g - a scroll of vulnerability {unknown}
Potions
 d - a potion of magic
 h - 2 potions of might {unknown}


   Skills:
 + Level 1.8 Dodging
 + Level 1.7 Stealth
 + Level 3.3 Spellcasting
 * Level 1.1 Conjurations
 + Level 1.0 Summonings
 + Level 0.8 Translocations


You had 6 spell levels left.
You knew the following spells:

 Your Spells              Type           Power      Damage    Failure   Level
a - Magic Dart            Conj           20%        1d4       12%         1

Your spell library contained the following spells:

 Spells                   Type           Power      Damage    Failure   Level
 Slow                     Hex            8%         N/A       19%         1
 Call Imp                 Summ           10%        N/A       19%         2
 Blink                    Tloc           10%        N/A       21%         2
 Cigotuvi's Dreadful Rot  Necr/Pois/Air  4%         N/A       28%         2
 Mephitic Cloud           Conj/Pois/Air  3%         N/A       45%         3


Dungeon Overview and Level Annotations

Branches:
Dungeon (1/15)

Altars:


Innate Abilities, Weirdness & Mutations

You have sharp fingernails.


Message History

You feel monstrous as your demonic heritage exerts itself.
Your demonic ancestry asserts itself...
Your fingernails lengthen.
Found a stone staircase leading down.
You start resting.
Magic restored.
A bat comes into view.
The bat closely misses you.
An endoplasm comes into view.
The bat hits you.
A kobold comes into view. It is wielding a +0 short sword.
The bat barely misses you. The bat attacks as you move away!
The bat barely misses you. The bat completely misses you.
The bat hits you but does no damage. The bat hits you but does no damage.
The bat attacks as you move away! The bat barely misses you.
The bat misses you. x2
The bat closely misses you. The bat hits you.
The kobold shouts!
The bat barely misses you. The bat barely misses you.
The bat closely misses you. The endoplasm freezes you.
You are frozen.
The kobold hits you with a +0 short sword.
The bat barely misses you. x2
The kobold hits you with a +0 short sword.
The endoplasm hits you but does no damage.
The bat hits you but does no damage. The endoplasm barely misses you.
The kobold hits you with a +0 short sword.
The endoplasm hits you.
The kobold hits you with a +0 short sword.
* * * LOW HITPOINT WARNING * * *
The bat barely misses you. The bat hits you but does no damage.
The bat barely misses you.
The kobold hits you with a +0 short sword.
* * * LOW HITPOINT WARNING * * *
The endoplasm freezes you.
You are frozen.
You die...

### ####.. ..#
#....# #.#
#.##.# ###.#
#####.##.#
#...#
#........# #
#.#.#
#.###.##.#
#.##.#.#####.#
#.##..
#...J........#
#.....
##..@b..######
#.....
#.#K##.#
#.##..
#.#....#
#.....
#.####.#
#...#. # #.#
#..... ...
......† ###
.>....#
......# #... #


You could see an endoplasm, a bat and a kobold.

Vanquished Creatures
  2 hobgoblins (D:1)
  4 bats (D:1)
  A frilled lizard (D:1)
  A rat (D:1)
8 creatures vanquished.

Notes
Turn   | Place    | Note
-------+----------+-------------------------------------------
     0 | D:1      | rogsnak the Demonspawn Hedge Wizard began the quest for the
                  | Orb.
     0 | D:1      | Reached XP level 1. HP: 13/13 MP: 4/4
   455 | D:1      | Discovered your monstrous ancestry.
   455 | D:1      | Gained mutation: You have sharp fingernails. [demonic
                  | ancestry]
   455 | D:1      | Reached XP level 2. HP: 19/19 MP: 0/6
   548 | D:1      | Frozen to death by an endoplasm

Illustrated notes

Levels and vault maps discovered:
D:1:      elethiomel_arrival_infinity_welcomes_careful_drivers,
          layout_loops_cross

Action                     || total
---------------------------++-------
  Melee: Spear             ||     1
   Cast: Magic Dart        ||    21
 Armour: Robe              ||    11
  Dodge: Dodged            ||    17
